 Dungeon Crawl Stone Soup version 0.28-a0-1435-g82390b3a13 (webtiles) character file.

Game seed: 18055910680584260411

252 HallandMoats the Skirmisher (level 6, -5/66 HPs)
             Began as an Ogre Fighter on Jan 9, 2022.
             Was a Follower of Vehumet.
             Slain by a water moccasin (8 damage)
             ... on level 3 of the Dungeon.
             The game lasted 00:01:56 (1942 turns).

HallandMoats the Skirmisher (Ogre Fighter)          Turns: 1942, Time: 00:01:56

Health: -5/66      AC:  3    Str: 21    XL:     6   Next: 14%
Magic:  6/6        EV:  9    Int:  9    God:    Vehumet [*.....]
Gold:   44         SH:  8    Dex: 10    Spells: 5/5 levels left

rFire   . . .      SeeInvis .   k - +1 short sword (venom)
rCold   . . .      Faith    .   c - +0 kite shield
rNeg    . . .      Spirit   .   b - +0 robe
rPois   .          Reflect  .   (helmet restricted)
rElec   .          Harm     .   (no cloak)
rCorr   .          Rampage  .   (gloves unavailable)
Will    .....                   (boots unavailable)
Stlth   +.........              (no amulet)
HPRegen 0.21/turn               (no ring)
MPRegen 0.10/turn               (no ring)

@: lethally poisoned (-5 -> -27)
A: large, unfitting armour, tough skin 1
a: Renounce Religion


You were on level 3 of the Dungeon.
You worshipped Vehumet.
Vehumet was aware of your devotion.
You visited 1 branch of the dungeon, and saw 3 of its levels.

You collected 44 gold pieces.

Inventory:

Hand Weapons
 a - a +0 flail
 k - a +1 short sword of venom (weapon)
Armour
 b - a +0 robe (worn)
 c - a +0 kite shield (worn)
Jewellery
 i - an amulet of magic regeneration
Scrolls
 e - a scroll of enchant armour {unknown}
 f - a scroll of teleportation {unknown}
 g - a scroll of fear {unknown}
 m - a scroll of magic mapping {unknown}
 n - a scroll of fog {unknown}
 o - a scroll of silence {unknown}
Potions
 d - a potion of might
 h - a potion of mutation {unknown}
 j - a potion of invisibility {unknown}
 l - a potion of lignification {unknown}


   Skills:
 + Level 5.5 Fighting
 + Level 3.1 Maces & Flails
 + Level 3.7 Dodging
 + Level 3.8 Shields


You had 5 spell levels left.
You didn't know any spells.
Your spell library contained the following spells:

 Spells                   Type           Power      Damage    Failure   Level
 Magic Dart               Conj           0%         1d3       67%         1
 Dazzling Flash           Conj/Hex       0%         N/A       96%         3
 Iskenderun's Mystic Bla  Conj/Tloc      0%         2d3       100%        4
 Starburst                Conj/Fire      0%         6d3       100%        6


Dungeon Overview and Level Annotations

Branches:
Dungeon (2/15)

Altars:
Vehumet
Xom


Innate Abilities, Weirdness & Mutations

You are too large for most types of armour.
You have tough skin. (AC +1)


Message History

A water moccasin comes into view.
The water moccasin hisses angrily.
You hear a shout!
You block the goblin's attack. The water moccasin closely misses you.
The goblin hits you but does no damage. The water moccasin bites you!
You block the water moccasin's attack. The goblin barely misses you.
The water moccasin barely misses you.
A gnoll comes into view. It is wielding a +0 flail.
The goblin hits you but does no damage. The water moccasin bites you.
You are poisoned.
The water moccasin poisons you! The goblin hits you with a +0 dagger.
The water moccasin bites you.
You feel very sick. The water moccasin bites you!
The goblin hits you with a +0 dagger.
You feel very sick. The water moccasin bites you.
You are lethally poisoned!
The water moccasin poisons you! The goblin closely misses you.
A gnoll comes into view. It is wielding a +0 flail.
You feel very sick. The water moccasin bites you.
* * * LOW HITPOINT WARNING * * *
You are more poisoned.
The water moccasin poisons you! You block the water moccasin's attack.
The goblin hits you with a +0 dagger.
* * * LOW HITPOINT WARNING * * *
Unknown command.
Unknown command.
Unknown command.
* * * LOW HITPOINT WARNING * * *
You feel extremely sick. The water moccasin bites you.
* * * LOW HITPOINT WARNING * * *
You block the goblin's attack.
* * * LOW HITPOINT WARNING * * *
You feel very sick.
The gnoll shouts!
The water moccasin bites you!
You die...

.##### ....... .....
.....#######.# #
.............#
#..###.##...#####
#......##.#.#
##...##....#.#
#....gg@####.#
#.....S....#.#######
#....#####.#.......#
#.g. #.......# #..
#.......# ..
#.......# #
#.......####
#..........#
#.##.......#


You could see a water moccasin, 2 gnolls and a goblin.

Vanquished Creatures
  Sigmund (D:2)
  Natasha (twice) (D:2)
  An adder (D:2)
  A dart slug (D:1)
  4 ball pythons
  3 endoplasms
  2 giant cockroaches (D:1)
  2 hobgoblins
  4 kobolds
  A quokka (D:1)
  2 bats
  5 frilled lizards
  6 goblins
  6 rats (D:1)
40 creatures vanquished.

Notes
Turn   | Place    | Note
-------+----------+-------------------------------------------
     0 | D:1      | HallandMoats the Ogre Fighter began the quest for the Orb.
     0 | D:1      | Reached XP level 1. HP: 24/24 MP: 1/1
   234 | D:1      | Reached XP level 2. HP: 32/32 MP: 2/2
   680 | D:1      | Reached XP level 3. HP: 38/40 MP: 3/3
  1107 | D:2      | Noticed Natasha
  1114 | D:2      | Killed Natasha
  1115 | D:2      | Reached XP level 4. HP: 36/49 MP: 4/4
  1509 | D:2      | Noticed Natasha
  1520 | D:2      | Killed Natasha
  1657 | D:2      | Found a shimmering altar of Xom.
  1686 | D:2      | Noticed Sigmund
  1708 | D:2      | Killed Sigmund
  1709 | D:2      | Reached skill level 5 in Fighting
  1709 | D:2      | Reached XP level 5. HP: 25/57 MP: 5/5
  1709 | D:2      | Reached XP level 6. HP: 29/66 MP: 6/6
  1890 | D:2      | You fall into a shaft and drop 1 floor!
  1900 | D:3      | Found a faded altar of an unknown god.
  1904 | D:3      | Prayed at the altar of an unknown god.
  1904 | D:3      | Became a worshipper of Vehumet
  1904 | D:3      | Reached * piety under Vehumet
  1904 | D:3      | Offered knowledge of Magic Dart by Vehumet.
  1931 | D:3      | Noticed a water moccasin
  1942 | D:3      | HP: 3/66 [poisoned by a water moccasin]
  1942 | D:3      | Slain by a water moccasin

Illustrated notes

Levels and vault maps discovered:
D:1:      dpeg_arrival_solitude, layout_basic
D:2:      layout_loops_corners, basic_altar, uniq_sigmund, uniq_natasha
D:3:      layout_basic, basic_ecumenical_altar, kennysheep_another_room,
          corner_web_ring, chequers_serial_rivers_micro_e

Skill      XL: |  1  2  3  4 |
---------------+-------------+-----
Maces & Flails | 2 3 |  3.1
Shields        | 3 |  3.8
Dodging        | 3 |  3.7
Fighting       | 5 |  5.5

Action                   |  1- 3 |  4- 6 || total
-------------------------+-------+-------++-------
Melee: Flail             |    89 |     4 ||    93
       Short sword       |       |    33 ||    33
Armor: Robe              |    19 |    12 ||    31
Dodge: Dodged            |    33 |    28 ||    61
Block: Kite shield       |    30 |    17 ||    47

Table legend: (Time is in decaauts)
 A = Elapsed time spent in this place.
 B = Non-inter-level travel time spent in this place.
 C = Inter-level travel time spent in this place.
 D = Time resting spent in this place.
 E = Time spent auto-exploring this place.
 F = Levels seen in this place.
 G = Mean time per level.
                   A        B        C        D        E       F      G
               +--------+--------+--------+--------+--------+-----+--------+
         Total |   1989 |   1927 |     62 |      0 |   1558 |   3 |  663.0 |
       Dungeon |   1989 |   1927 |     62 |      0 |   1558 |   3 |  663.0 |
               +--------+--------+--------+--------+--------+-----+--------+

Top non-repeatable levels by time:
     D:1: 1055 daAuts
     D:2: 882 daAuts
     D:3: 51 daAuts
